 Dungeon Crawl Stone Soup version 0.20.1-1-g8b1a95d (webtiles) character file.

53 Fisto the Vandal (level 4, 0/26 HPs)
             Began as a Halfling Hunter on Nov 7, 2017.
             Was a Follower of Hepliaklqana.
             Shot with an arrow by a centaur (15 damage)
             ... on level 3 of the Dungeon.
             The game lasted 00:21:42 (2777 turns).

Fisto the Vandal (Halfling Hunter)                  Turns: 2777, Time: 00:21:42

Health: 0/26       AC:  3    Str: 13    XL:     4   Next: 11%
Magic:  4/4        EV: 15    Int:  9    God:    Hepliaklqana [*.....]
Gold:   107        SH:  0    Dex: 15    Spells: 3/3 levels left

rFire    . . .     SeeInvis .   p - +0 blowgun
rCold    . . .     Gourm    .   (shield restricted)
rNeg     . . .     Faith    .   c - +0 leather armour
rPois    .         Spirit   .   (no helmet)
rElec    .         Reflect  .   (no cloak)
rCorr    .         Harm     .   (no gloves)
MR       .....                  (no boots)
Stlth    ++........             j - amulet of inaccuracy
Regen    0.1/turn               m - ring of flight
MPRegen  0.1/turn               (no ring)

@: no status effects
A: reduced essence, mutation resistance 1
a: Recall Ancestor, Ancestor Identity, Renounce Religion, Evoke Flight


You were on level 3 of the Dungeon.
You worshipped Hepliaklqana.
Hepliaklqana was aware of your devotion.
You were not hungry.

You visited 1 branch of the dungeon, and saw 3 of its levels.

You collected 107 gold pieces.

Inventory:

Hand Weapons
 a - a +1 hunting sling
 b - a +0 short sword
 e - a +0 club
 g - a +0 hand axe
 l - a +0 dagger of venom
 p - a +0 blowgun (weapon)
Missiles
 d - 32 sling bullets
 i - 19 stones
 k - 8 javelins
 q - 4 poisoned needles (quivered)
Armour
 c - a +0 leather armour (worn)
 h - a +0 naga barding
Jewellery
 j - an amulet of inaccuracy (around neck)
 m - a ring of flight (left hand)
Wands
 n - a wand of polymorph (24/24)
Scrolls
 o - a scroll of random uselessness
 r - a scroll of teleportation
Comestibles
 f - 2 bread rations
 s - a chunk of flesh
 t - 20 fruits


   Skills:
 + Level 2.0 Fighting
 + Level 0.5 Short Blades
 + Level 7.1 Slings
 + Level 0.2(2.9) Throwing
 + Level 0.7 Armour
 + Level 2.5 Dodging
 + Level 1.2 Stealth


You had 3 spell levels left.
You didn't know any spells.

Dungeon Overview and Level Annotations

Branches:
Dungeon (3/15)

Altars:
Hepliaklqana


Innate Abilities, Weirdness & Mutations

You are small and have problems with some larger weapons.
You are somewhat resistant to further mutation.
Your life essence is reduced to manifest your ancestor. (-10% HP)


Message History

You see here an arrow.
Firing (i - inventory. (,) - cycle):
q - 5 poisoned needles (quivered)
Press: ? - help, Shift-Dir - straight line, f - centaur
Aim: a centaur, wielding a shortbow You shoot a poisoned needle.
The poisoned needle closely misses the centaur.
The centaur shoots an arrow.
The arrow hits you!
Firing (i - inventory. (,) - cycle):
q - 4 poisoned needles (quivered)
Press: ? - help, Shift-Dir - straight line, f/p - centaur
Aim: a centaur, wielding a shortbow Really fire in your ally Udjahorresnet's direction?
Okay, then.
The centaur shoots an arrow.
The arrow hits Udjahorresnet!
The centaur shoots an arrow.
The arrow barely misses Udjahorresnet.
The arrow barely misses you.
Udjahorresnet hits the centaur.
The centaur shoots an arrow.
The arrow hits Udjahorresnet!
Udjahorresnet is destroyed!
The centaur shoots an arrow.
The arrow hits you!
Ouch! That really hurt!
You die...

##### #.'.≈≈≈≈.# #.# ....#
######.#......# #.#
....####......######## #.#
.......)....†...##.# #.#
....####...........#####.#
..#.#####.#.##...........#
..#.#.....#......#########
..#.#.....#....<.#
.........>#...[.@#
....#....##......###
....#.............(#
..........##...#.#c#
..........##...#.#(#
...............#.#.#
.............#.#.#.#
...............#.#.#
.........#....##.#.#


You could see a centaur.

Vanquished Creatures
  2 worms
  3 leopard geckos
  4 giant cockroaches
  4 goblins
  6 hobgoblins
  2 quokkas
  6 bats
  3 frilled lizards (D:1)
  3 kobolds
  3 rats
36 creatures vanquished.

Vanquished Creatures (collateral kills)
  A leopard gecko (D:3)
  A giant cockroach (D:3)
  A goblin (D:3)
3 creatures vanquished.

Vanquished Creatures (others)
  An ancestor (D:3)
1 creature vanquished.

Grand Total: 40 creatures vanquished

Notes
Turn   | Place    | Note
-------+----------+-------------------------------------------
     0 | D:1      | Fisto the Halfling Hunter began the quest for the Orb.
     0 | D:1      | Reached XP level 1. HP: 14/14 MP: 1/1
    52 | D:1      | Reached skill level 6 in Slings
   122 | D:1      | Reached XP level 2. HP: 19/19 MP: 2/2
  1077 | D:2      | Reached XP level 3. HP: 24/24 MP: 3/3
  2469 | D:3      | Reached skill level 7 in Slings
  2563 | D:3      | Reached XP level 4. HP: 29/29 MP: 4/4
  2612 | D:3      | Found a faded altar of an unknown god.
  2627 | D:3      | Became a worshipper of Hepliaklqana the Forgotten
  2627 | D:3      | Reached * piety under Hepliaklqana
  2771 | D:3      | Noticed a centaur
  2777 | D:3      | Shot with an arrow by a centaur

Skill      XL: |  1  2  3 |
---------------+----------+-----
Slings         | 6 7 |  7.1
Fighting       | 2 |  2.0
Short Blades   | |  0.5
Throwing       | |  0.2
Armour         | |  0.7
Dodging        | |  2.5
Stealth        | |  1.2

Action                   |  1- 3 |  4- 6 || total
-------------------------+-------+-------++-------
Melee: Short sword       |    45 |       ||    45
       Dagger            |    10 |       ||    10
 Fire: Hunting sling     |    99 |       ||    99
       Blowgun           |     1 |     4 ||     5
Throw: Stone             |    13 |       ||    13
  Use: Scroll            |     8 |       ||     8
       Potion            |     2 |       ||     2
  Eat: Chunk             |     4 |       ||     4
       Royal jelly       |     1 |       ||     1
Armor: Leather armour    |    24 |     1 ||    25
       Skin              |     8 |       ||     8
Dodge: Dodged            |    87 |     3 ||    90
